 Dungeon Crawl Stone Soup version 0.29-a0-334-gb41bcbb86e (webtiles) character file.

Game seed: 2605008976822253476

2 spaghetti the Ducker (level 1, 0/16 HPs)
             Began as a Demonspawn Gladiator on Apr 14, 2022.
             Slain by a hobgoblin (3 damage)
             ... on level 1 of the Dungeon.
             The game lasted 00:00:36 (61 turns).

spaghetti the Ducker (Demonspawn Gladiator)           Turns: 61, Time: 00:00:37

Health: 0/16       AC:  4    Str: 14    XL:     1   Next: 25%
Magic:  1/1        EV: 12    Int:  9    God:
Gold:   0          SH:  0    Dex: 14    Spells: 0/0 levels left

rFire   . . .      SeeInvis .   a - +0 quarterstaff {staff}
rCold   . . .      Faith    .   (shield currently unavailable)
rNeg    . . .      Spirit   .   b - +0 leather armour
rPois   .          Reflect  .   c - +0 helmet
rElec   .          Harm     .   (no cloak)
rCorr   .          Rampage  .   (no gloves)
Will    .....                   (no boots)
Stlth   +.........              (no amulet)
HPRegen 0.05/turn               (no ring)
MPRegen 0.07/turn               (no ring)

@: no status effects
A: no striking features
a: no special abilities


You were on level 1 of the Dungeon.
You visited 1 branch of the dungeon, and saw 1 of its levels.


   Skills:
 - Level 2.0 Fighting
 - Level 2.6 Staves
 - Level 1.7 Throwing
 + Level 2.8 Dodging


You couldn't memorise any spells.
You didn't know any spells.
Your spell library was empty.

Inventory:

Hand Weapons
 a - a +0 quarterstaff (weapon) {staff}
Missiles
 e - a javelin (quivered) {throwing}
 f - a stone {throwing}
Armour
 b - a +0 leather armour (worn)
 c - a +0 helmet (worn)

Dungeon Overview and Level Annotations

Branches:
Dungeon (1/15)

Altars:

..########
...$..........#
.....#.......#
.............#
.....#.......#
#............###.#
#................#
#.# #....$..# # #@#
#####g###
#.##.##g## ##.##
#......J.#### #...#
#........#..###...#
#.#......'....#...#
########.<#.....#
+..###...#
######...######
#...........


You could see an endoplasm and a hobgoblin.


Message History

A hobgoblin is nearby!
A hobgoblin is nearby!
A hobgoblin is nearby!
A hobgoblin is nearby!
An endoplasm comes into view.
The endoplasm quivers.
The hobgoblin closely misses you. The endoplasm freezes you.
You are frozen.
You see here 11 gold pieces. 😮 HP[-4]
You take 4 damage, and now have 12/16 hp.
MASSIVE DAMAGE!! (PAUSE)
You barely miss the hobgoblin. The hobgoblin hits you.
The endoplasm freezes you.
You are frozen. 😮 HP[-2]
You take 2 damage, and now have 10/16 hp.
You closely miss the hobgoblin. The hobgoblin barely misses you.
The endoplasm barely misses you.
Unknown command.
You closely miss the hobgoblin.
The hobgoblin hits you but does no damage.
The endoplasm freezes you.
You are frozen.
* * * LOW HITPOINT WARNING * * *
😨 HP[-4]
You take 4 damage, and now have 6/16 hp.
MASSIVE DAMAGE!! (PAUSE)
The endoplasm attacks as you move away! The endoplasm closely misses you.
The endoplasm attacks as you move away! The endoplasm barely misses you.
You barely miss the hobgoblin. The hobgoblin hits you.
* * * LOW HITPOINT WARNING * * *
The hobgoblin barely misses you. 😨 HP[-1]
You take 1 damage, and now have 5/16 hp.
You barely miss the hobgoblin. The hobgoblin hits you.
* * * LOW HITPOINT WARNING * * *
😱 HP[-2]
You take 2 damage, and now have 3/16 hp.
You aren't carrying any potions.
As you read the scroll labelled SYUXIOKLAIGA, it crumbles to dust.
You hear a loud clanging noise!
It was a scroll of noise.
You hear an angry hiss.
The hobgoblin hits you.
* * * LOW HITPOINT WARNING * * *
😱 HP[-2]
You take 2 damage, and now have 1/16 hp.
Unknown command.
Throw: 3 throwing nets {=f!fthrowing}
Press: ? - help, Q - select action, (/) - cycle Shift-Dir - straight line, f - hobgoblin
Aim: a hobgoblin (59% to hit)
You throw a throwing net {=f!fthrowing}.
The throwing net {=f!fthrowing} hits the hobgoblin.
The hobgoblin is caught in the net!
The hobgoblin struggles against the net.
The hobgoblin struggles against the net. 😱 HP[+1]
The hobgoblin struggles against the net.
The hobgoblin struggles against the net.
The hobgoblin struggles against the net.
The net rips apart, and the hobgoblin comes free!
As you open the door, it creaks loudly!
You hear a shout!
A hobgoblin comes into view.
There is an open door here.
You close the door.
The hobgoblin throws a stone.
The stone barely misses you.
Throw: 2 throwing nets {=f!fthrowing}
Press: ? - help, Q - select action, (/) - cycle Shift-Dir - straight line, f - hobgoblin
Aim: a hobgoblin, quivering stones (59% to hit)
You throw a throwing net {=f!fthrowing}.
The throwing net {=f!fthrowing} hits the hobgoblin.
The hobgoblin is caught in the net!
The hobgoblin struggles against the net.
The hobgoblin struggles against the net.
A hobgoblin opens the door.
The hobgoblin struggles against the net.
You barely miss the hobgoblin.
The hobgoblin struggles against the net.
You catch the helpless hobgoblin completely off-guard!
You hit the hobgoblin but do no damage.
The hobgoblin struggles against the net.
The hobgoblin struggles against the net.
The net rips apart, and the hobgoblin comes free!
The hobgoblin misses you.
Throw: throwing net {=f!fthrowing}
Press: ? - help, Q - select action, (/) - cycle Shift-Dir - straight line, f/p - hobgoblin
Aim: a hobgoblin, quivering stones (59% to hit)
You throw a throwing net {=f!fthrowing}.
The throwing net {=f!fthrowing} hits the hobgoblin.
The hobgoblin is caught in the net!
The hobgoblin struggles against the net.
You catch the helpless hobgoblin completely off-guard!
You sock the hobgoblin!
You kill the hobgoblin! 😱 HP[+1]
You closely miss the hobgoblin. The hobgoblin barely misses you.
You hit the hobgoblin. The hobgoblin misses you.
You hit the hobgoblin but do no damage. The hobgoblin hits you.
You die...

Action                   || total
-------------------------++-------
Melee: Quarterstaff      ||    13
Throw: Throwing net      ||     3
  Use: Scroll            ||     1
 Stab: Held in net/web   ||     2
Armor: Leather armour    ||     2
Dodge: Dodged            ||    11

Levels and vault maps discovered:
D:1:      dpeg_arrival_ratfight, layout_loops_cross

Notes
Turn   | Place    | Note
-------+----------+-------------------------------------------
     0 | D:1      | spaghetti the Demonspawn Gladiator began the quest for the
                  | Orb.
     0 | D:1      | Reached XP level 1. HP: 16/16 MP: 1/1
     0 | D:1      | magus.rc [v1.9.6]
    35 | D:1      | HP: 3/16 [hobgoblin (2)]
    36 | D:1      | HP: 1/16 [hobgoblin (2)]
    61 | D:1      | Slain by a hobgoblin

Vanquished Creatures
  A hobgoblin (D:1)
  A kobold (D:1)
2 creatures vanquished.

Table legend:
 A = Non-vault XP
 B = Vault XP
 C = Vault XP percentage of total XP
 D = Non-vault monster count
 E = Vault monster count
 F = Vault count percentage of total count
                 A         B        C        D         E       F
            +---------+---------+-------+---------+---------+-------
      Total |       3 |       0 |   0.0 |       2 |       0 |   0.0
            +---------+---------+-------+---------+---------+-------
        D:1 |       3 |       0 |   0.0 |       2 |       0 |   0.0
            +---------+---------+-------+---------+---------+-------

Illustrated notes

Table legend:
 A = Kills in this place as a percentage of kills in entire the game.
 B = Kills by you in this place as a percentage of kills by you in the entire game.
 C = Kills by friends in this place as a percentage of kills by friends in the entire game.
 D = Other kills in this place as a percentage of other kills in the entire game.
 E = Experience gained in this place as a percentage of experience gained in the entire game.
 F = Experience gained in this place divided by the number of levels of this place that you have seen.
                   A       B       C       D       E      F
               +-------+-------+-------+-------+-------+----------------------
         Total | 100.0 | 100.0 |   N/A |   N/A | 100.0 |   3.0
       Dungeon | 100.0 | 100.0 |   N/A |   N/A | 100.0 |   3.0
               +-------+-------+-------+-------+-------+----------------------

Table legend: (Time is in decaauts)
 A = Elapsed time spent in this place.
 B = Non-inter-level travel time spent in this place.
 C = Inter-level travel time spent in this place.
 D = Time resting spent in this place.
 E = Time spent auto-exploring this place.
 F = Levels seen in this place.
 G = Mean time per level.
                   A        B        C        D        E       F      G
               +--------+--------+--------+--------+--------+-----+--------+
         Total |     62 |     62 |      0 |      0 |     16 |   1 |   62.0 |
       Dungeon |     62 |     62 |      0 |      0 |     16 |   1 |   62.0 |
               +--------+--------+--------+--------+--------+-----+--------+

Top non-repeatable levels by time:
     D:1: 62 daAuts
